 Dungeon Crawl Stone Soup version 0.21.0-3-g78d12a8 (webtiles) character file.

169 mopl the Sneak (level 5, 3/28 HPs)
             Began as a Tengu Enchanter on Jan 11, 2018.
             Was an Initiate of Dithmenos.
             Quit the game on level 2 of the Dungeon.
             The game lasted 00:06:10 (2749 turns).

mopl the Sneak (Tengu Enchanter)                    Turns: 2749, Time: 00:06:11

Health: 3/28       AC:  3    Str:  8    XL:     5   Next: 50%
Magic:  0/9        EV: 13    Int: 16    God:    Dithmenos [......]
Gold:   188        SH:  0    Dex: 15    Spells: 0/9 levels left

rFire    + . .     SeeInvis .   a - +0 dagger (venom)
rCold    + + .     Gourm    .   (no shield)
rNeg     + . .     Faith    .   b - +0 robe
rPois    +         Spirit   +   (helmet restricted)
rElec    +         Reflect  .   r - +0 cloak (curse)
rCorr    +         Harm     .   (no gloves)
MR       .....                  (boots unavailable)
Stlth    +++.......             o - amulet of guardian spirit
HPRegen  0.09/turn              p - ring of protection from cold
MPRegen  0.11/turn              j - ring of positive energy

@: lethally poisoned (3 -> -1), resistant, very slightly contaminated
A: beak, talons 3, able to fly 1
a: Fly, Renounce Religion


You were on level 2 of the Dungeon.
You worshipped Dithmenos.
Dithmenos was noncommittal.
You were very hungry.

You visited 1 branch of the dungeon, and saw 3 of its levels.

You collected 188 gold pieces.

Inventory:

Hand Weapons
 a - a +0 dagger of venom (weapon)
 e - a +0 vampiric dagger
Missiles
 f - 2 throwing nets (quivered)
 l - 16 poisoned needles
 m - 2 tomahawks
Armour
 b - a +0 robe (worn)
 r - a cursed +0 cloak (worn)
 u - a +0 large shield
Jewellery
 j - a ring of positive energy (right hand)
 o - an amulet of guardian spirit (around neck)
 p - a ring of protection from cold (left hand)
Wands
 q - a wand of polymorph (7)
Scrolls
 h - a scroll of teleportation
 i - a scroll of magic mapping
 k - a scroll of enchant armour {unknown}
 s - a scroll of enchant weapon {unknown}
 t - a scroll of remove curse
Potions
 g - a potion of might
Books
 c - a book of Maledictions

   Spells                             Type                      Level
   a - Corona                         Hexes                        1
   b - Ensorcelled Hibernation        Hexes/Ice                    2
   c - Confuse                        Hexes                        3
   d - Tukima's Dance                 Hexes                        3
   e - Dazzling Spray                 Conjuration/Hexes            3
Comestibles
 d - 6 rations


   Skills:
 + Level 2.3 Short Blades
 - Level 2.1 Dodging
 * Level 4.2 Stealth
 + Level 2.6 Spellcasting
 * Level 3.0 Hexes
 + Level 1.3 Ice Magic


You couldn't memorise any spells.
You knew the following spells:

 Your Spells              Type           Power        Failure   Level  Hunger
a - Corona                Hex            ##.....      5%          1    #......
b - Ensorcelled Hibernat  Hex/Ice        #.....       12%         2    ##.....
c - Confuse               Hex            ##......     17%         3    ###....
d - Tukima's Dance        Hex            ##......     17%         3    ###....


Dungeon Overview and Level Annotations

Branches:
Dungeon (3/15)

Altars:
Dithmenos
Fedhas

Annotations:
D:3 Dirtsage's ghost, amateur DsFi


Innate Abilities, Weirdness & Mutations

You have a beak for a mouth.
You have claws for feet.
You can fly.


Message History

The adder zombie bites you but does no damage.
You climb upwards.
There is a stone staircase leading down here.
Unknown command.
It was a potion of resistance.
You feel protected.
You feel sick. The adder misses you. The quokka bites you.
* * * LOW HITPOINT WARNING * * *
Casting: Confuse
Confirm with . or Enter, or press ? or * to list all spells.
Aiming: Ensorcelled Hibernation
Press: ? - help, Shift-Dir - straight line, f - adder
Aim: an adder (chance to defeat MR: 50%)
You miscast Ensorcelled Hibernation.
You are very lightly contaminated with residual magic.
Nothing appears to happen.
The adder closely misses you. The quokka bites you.
* * * LOW HITPOINT WARNING * * *
The adder barely misses you.
Unknown command.
Are you sure you want to abandon this character and quit the game? (Confirm with "yes".)

#.#.#####.#.# #....#
#.#.....#)#.# #....#
##.#####.#.#.########....#######
#........#.#.##.....)....'......
####.....#<.)##.#####....#######
###.##.##...##.##.####### #....
#...##........o...# #....
#.########.###o##.#########....
#............S@r...............
#..#######.######.#########..).
#..# #..........# #.... #..#
#.#.###...######## #...# #..#
#.#..............# #..##
#..#####.#..##...######.# #..#.
#........#....#### #.# ####.
#.#########.#.#########.# #.
##.#########.#.#.....)...# ##


You could see an adder, 2 orcs and a quokka.

Vanquished Creatures
  Crazy Yiuf (D:2)
  An iguana (D:3)
  4 adders
  4 worms (D:2)
  2 dart slugs
  A leopard gecko (D:1)
  2 orcs (D:2)
  A ball python (D:3)
  3 giant cockroaches
  7 goblins
  9 hobgoblins
  8 bats
  4 frilled lizards
  10 kobolds
  5 rats
62 creatures vanquished.

Notes
Turn   | Place    | Note
-------+----------+-------------------------------------------
     0 | D:1      | mopl the Tengu Enchanter began the quest for the Orb.
     0 | D:1      | Reached XP level 1. HP: 10/10 MP: 4/4
   214 | D:1      | Reached XP level 2. HP: 15/15 MP: 3/6
   271 | D:1      | Learned a level 2 spell: Ensorcelled Hibernation
   609 | D:1      | Reached XP level 3. HP: 9/19 MP: 0/7
  1677 | D:2      | Reached XP level 4. HP: 14/24 MP: 2/8
  1858 | D:2      | Learned a level 3 spell: Confuse
  1916 | D:2      | Found a shadowy altar of Dithmenos.
  1922 | D:2      | Became a worshipper of Dithmenos the Shadowed
  2089 | D:2      | Reached skill level 2 in Short Blades
  2089 | D:2      | Reached skill level 1 in Ice Magic
  2167 | D:2      | Found a runed door.
  2171 | D:2      | Noticed Crazy Yiuf
  2192 | D:2      | Killed Crazy Yiuf
  2192 | D:2      | Reached skill level 4 in Stealth
  2192 | D:2      | Gained mutation: You can fly. [Tengu growth]
  2192 | D:2      | Reached XP level 5. HP: 28/28 MP: 1/9
  2379 | D:3      | Learned a level 3 spell: Tukima's Dance
  2393 | D:3      | Reached skill level 3 in Hexes
  2405 | D:3      | Found a blossoming altar of Fedhas.
  2547 | D:3      | Noticed Dirtsage's ghost (amateur DsFi)
  2749 | D:2      | Quit the game

Skill      XL: |  1  2  3  4  5 |
---------------+----------------+-----
Short Blades   | 2 |  2.3
Ice Magic      | 1 |  1.3
Stealth        | 4 |  4.2
Hexes          | 3 |  3.0
Dodging        | |  2.1
Spellcasting   | |  2.6

Action                   |  1- 3 |  4- 6 || total
-------------------------+-------+-------++-------
Melee: Dagger            |    84 |    64 ||   148
       Kick              |    14 |    16 ||    30
       Peck              |     8 |    12 ||    20
Throw: Throwing net      |     1 |       ||     1
 Cast: Corona            |     5 |     1 ||     6
       Ensorcelled Hiber |    13 |     4 ||    17
       Confuse           |       |     5 ||     5
 Abil: Fly               |       |     2 ||     2
  Use: Potion            |     1 |     1 ||     2
       Scroll            |     1 |     6 ||     7
 Stab: Sleeping          |    12 |     7 ||    19
       Confused          |       |     2 ||     2
  Eat: Chunk             |     3 |     4 ||     7
Armor: Robe              |    10 |    11 ||    21
       Skin              |       |     3 ||     3
Dodge: Dodged            |    45 |    42 ||    87
